 Dungeon Crawl Stone Soup version 0.15-a0-429-gf5d7e11 (webtiles) character file.

68996 4tharraofdagon the Eclecticist (level 15, -18/81 HPs)
             Began as a Human Fire Elementalist on May 6, 2014.
             Was a High Priest of Vehumet.
             Shot with a poisoned arrow by a deep elf master archer (27 damage)
             ... on Level 3 of the Elven Halls.
             The game lasted 01:47:12 (11051 turns).

4tharraofdagon the Eclecticist (HuFE)              Turns: 11051, Time: 01:47:12

HP -18/81        AC 13     Str 16      XL: 15   Next: 68%
MP  15/33        EV 17     Int 26      God: Vehumet [*****.]
Gold 926         SH 14     Dex 18      Spells:  9 memorised, 15 levels left

rFire  + . .     SeeInvis .     P - staff of fire
rCold  . . .     Clarity  .     d - +0 troll leather armour
rNeg   . . .     Conserve .     q - +2 buckler
rPois  +         rCorr    .     j - +2 hat
rElec  .         rRot     .     E - +1 cloak {rPois}
SustAb . .       Spirit   .     U - +2 pair of gloves {Str+3}
rMut   +         Warding  .     (no boots)
Saprov . . .     Stasis   .     f - amulet of resist mutation
MR     +....                    e - +5 ring of strength
                                p - ring of wizardry

@: brilliant, agile, somewhat resistant to hostile enchantments, fairly stealthy
A: iridescent scales 1, blurry vision 1, deformed body, frail 1, low mp 1,
screaming 1, weak 1
a: Renounce Religion


You were on level 3 of the Elven Halls.
You worshipped Vehumet.
Vehumet was extremely pleased with you.
You were not hungry.

You visited 5 branches of the dungeon, and saw 31 of its levels.
You also visited: Labyrinth.

You collected 1343 gold pieces.
You spent 417 gold pieces at shops.

Inventory:

Missiles
 J - 8 exploding darts (quivered)
Armour
 d - a +0 troll leather armour (worn)
 j - a +2 hat (worn)
 q - a +2 buckler (worn)
 E - a +1 cloak of poison resistance (worn)
 U - a +2 pair of gloves of strength (worn)
Magical devices
 i - a wand of frost (11)
 l - a wand of digging (3)
 C - a wand of disintegration (16)
 F - a wand of teleportation (4)
 G - a wand of random effects (8)
 H - a wand of draining (8)
 O - a wand of lightning (6)
 Q - a wand of lightning (3)
 S - a wand of disintegration (6)
 X - a wand of cold (2)
 Y - a wand of polymorph (7)
 Z - a wand of lightning (6)
Comestibles
 c - 4 bread rations
 r - 3 meat rations
Scrolls
 g - a scroll of noise
 h - 2 scrolls of blinking
 n - a scroll of fear
 t - 9 scrolls of identify
 w - 4 scrolls of amnesia
 y - 2 scrolls of fog
 A - 2 scrolls of remove curse
 L - a scroll of recharging
Jewellery
 e - a +5 ring of strength (right hand)
 f - an amulet of resist mutation (around neck)
 m - an uncursed ring of sustain abilities
 p - a ring of wizardry (left hand)
 s - an uncursed ring of wizardry
 R - an uncursed ring of poison resistance
 W - the ring "Lacymnoz" {+Blink +Fly Acc+5}
   (You found it on level 14 of the Dungeon)

   [ring of flight]

   It affects your accuracy with ranged weapons and melee attacks (+5).
   It lets you fly.
   It lets you blink.
Potions
 a - 2 potions of brilliance
 u - 2 potions of magic
 v - 6 potions of curing
 x - 3 potions of heal wounds
 B - a potion of might
 N - 2 potions of restore abilities
Books
 b - a book of Flames

   Spells                             Type                      Level
   *Flame Tongue                      Conjuration/Fire             1
   Throw Flame                        Conjuration/Fire             2
   *Conjure Flame                     Conjuration/Fire             3
   Inner Flame                        Hexes/Fire                   3
   *Sticky Flame                      Conjuration/Fire             4
   *Fireball                          Conjuration/Fire             5
 k - a book of the Tempests

   Spells                             Type                      Level
   Static Discharge                   Conjuration/Air              3
   Lightning Bolt                     Conjuration/Air              5
   *Fireball                          Conjuration/Fire             5
   Tornado                            Air                          9
   Shatter                            Earth                        9
 o - a book of Spatial Translocations

   Spells                             Type                      Level
   *Apportation                       Translocation                1
   *Blink                             Translocation                2
   Shroud of Golubria                 Charms/Translocation         2
   Portal Projectile                  Translocation                3
   Teleport Other                     Translocation                3
   Passage of Golubria                Translocation                4
 D - a Grand Grimoire {highlevel}

   This book is beyond your current level of understanding.

   Spells                             Type                      Level
   Aura of Abjuration                 Summoning                    6
   Forceful Dismissal                 Summoning                    6
   Haunt                              Necromancy/Summoning         7
   Summon Greater Demon               Summoning                    7
   Malign Gateway                     Summoning/Translocation      7
   Summon Horrible Things             Summoning                    8
 T - a book of the Warp

   Spells                             Type                      Level
   Control Teleport                   Charms/Translocation         4
   Phase Shift                        Translocation                5
   Warp Weapon                        Charms/Translocation         5
   Summon Forest                      Summoning/Translocation      5
   Dispersal                          Translocation                6
   Controlled Blink                   Translocation                7
   Disjunction                        Translocation                8
Magical staves
 M - an uncursed staff of conjuration
 P - an uncursed staff of fire (weapon)
Miscellaneous
 I - a phial of floods
 K - a lamp of fire (inert)


   Skills:
 - Level 2.0 Dodging
 - Level 2.0 Stealth
 - Level 5.1 Shields
 + Level 15.3 Spellcasting
 * Level 13.3 Conjurations
 - Level 4.1 Translocations
 * Level 13.8 Fire Magic


You had 15 spell levels left.
You knew the following spells:

 Your Spells              Type           Power        Failure   Level  Hunger
a - Flame Tongue          Conj/Fire      #####        0%          1    None
b - Conjure Flame         Conj/Fire      ########     1%          3    None
c - Sticky Flame          Conj/Fire      ########     1%          4    None
d - Fireball              Conj/Fire      ########..   1%          5    None
e - Apportation           Tloc           ######....   1%          1    None
f - Blink                 Tloc           N/A          1%          2    None
g - Poison Arrow          Conj/Pois      ######....   3%          6    ####...
h - Summon Butterflies    Summ           #####...     1%          1    None
i - Bolt of Fire          Conj/Fire      ########..   1%          6    ####...


Dungeon Overview and Level Annotations

Branches:
Dungeon (15/15)            Temple (0/1) D:7             Orc (4/4) D:11
    Elf (3/3) Orc:4          Lair (8/8) D:10         Vaults (0/5) D:13
 Depths (1/5) D:15
  Swamp: Lair:3-6    Shoals: Lair:3-6     Snake: Lair:3-6    Spider: Lair:3-6
  Slime: Lair:6-8

Altars:
Cheibriados
Elyvilon
Makhleb
Vehumet
Xom
Zin

Shops:
D:9 [   D:15 !   Orc:4 *}:(

Annotations:
Orc:3 exclusion: ice statue
Orc:4 NECRO+ANNI
Lair:3 exclusion: oklob plant


Innate Abilities, Weirdness & Mutations

You are partially covered in iridescent scales (AC +4).
Your vision is a little blurry.
Armour fits poorly on your strangely shaped body.
You are frail (-10% HP).
Your magical capacity is low (-10% MP).
You occasionally shout uncontrollably.
You are weak. (Str -2)


Message History

You feel a surge of power!
The fireball explodes!
The fireball engulfs the deep elf master archer.
The deep elf master archer is heavily wounded.
The fireball engulfs the deep elf master archer.
The deep elf master archer is severely wounded.
The fireball engulfs the deep elf high priest.
The deep elf high priest is moderately wounded.
The fireball engulfs the deep elf sorcerer.
The deep elf sorcerer is almost dead.
The deep elf master archer shoots a poisoned arrow.
The poisoned arrow completely misses you.
The deep elf summoner casts a spell.
The deep elf master archer shoots an arrow of flame.
The arrow of flame hits you!
* * * LOW HITPOINT WARNING * * *
The arrow of flame burns you.
* * * LOW HITPOINT WARNING * * *
The deep elf master archer shoots a poisoned arrow.
The poisoned arrow hits you!
You die...

#.########...##.#
).....(.......).#
..#####....####)# ### #.#### #.#
******#.# #.### ,,,,,,..# #.(.#
*****#### ##..# ****** #..#
****** ***,,,,*** #@.# ***,,,,**
,,,,,,,,,* #..# *,,,,,,,,
*,,,,,,,,******#..#******,,,,,,,,
* *,,,,***,,,,*#e.#*,,,,***,,,,**
,,******,,,,,,,#ee#e,,,,,,******,
,,,,**,,,,,,,,,e..e,,,, ,,,,**,,,
,,,,,,,,,,,,,,,e.re,,,,,,,,,,,,,,
,,,,,,,,,,,,,,,s##.e,,,,,,,,,,,,,
,,,,,,,,,,,,,,*#****,,,,,,,,,,,,,


You could see 2 deep elf master archers, a deep elf annihilator, a deep elf
death mage, 2 deep elf sorcerers, a demonic crawler, a deep elf summoner, a deep
elf high priest and an orange rat.

Vanquished Creatures
  Maud (Lair:8)
  2 deep elf sorcerers
  3 deep elf annihilators (Elf:3)
  6 dire elephants (Lair:8)
  A deep elf death mage (Elf:3)
  A minotaur (Lab)
  Josephine (D:10)
  A yaktaur captain (D:15)
  Fannar (Lair:1)
  An ogre mage (D:15)
  3 hydras
  Nessos (Orc:4)
  An anaconda (Lair:8)
  4 orc high priests
  2 centaur warriors
  Nergalle (Orc:4)
  3 deep elf knights
  An unseen horror (D:15)
  A deep elf summoner (Elf:1)
  3 hill giants
  4 deep elf conjurers
  An oklob plant (Lair:3)
  4 orc sorcerers (Orc:4)
  A manticore (D:15)
  4 orc knights (Orc:4)
  4 cyclopes
  5 elephants
  An octopode (shapeshifter) (D:15)
  5 black mambas
  5 spiny frogs
  A small abomination (Elf:3)
  Psyche (D:9)
  4 gargoyles (Lab)
  A fire drake (Lair:1)
  A yaktaur (D:15)
  A kobold demonologist (D:15)
  4 trolls
  2 komodo dragons
  A catoblepas zombie (D:11)
  3 deep elf priests (Elf:3)
  A freezing wraith (D:15)
  A hydra skeleton (D:10)
  4 two-headed ogres (D:15)
  11 blink frogs
  9 deep elf magi
  26 yaks
  A redback (Elf:3)
  2 shadows (Lab)
  A basilisk (D:10)
  A tarantella (Elf:3)
  An elephant slug (Lair:2)
  9 deep elf fighters
  10 hippogriffs
  3 hill giant zombies
  A steam dragon (D:14)
  A wyvern (D:15)
  3 hungry ghosts
  A warg (Orc:4)
  12 wolves
  6 water moccasins
  6 porcupines
  16 orc warriors
  A black bear (D:10)
  A spider (Lair:5)
  A manticore zombie (D:15)
  A yellow wasp (D:12)
  3 ice beasts
  9 ogres
  2 crocodiles
  2 phantoms
  2 yaktaur zombies
  2 centaurs (D:14)
  8 giant slugs
  A giant slug zombie (D:15)
  A wyvern zombie (D:8)
  A brain worm (D:15)
  15 giant frogs
  A gnoll sergeant (D:11)
  11 killer bees
  2 scorpions
  8 wights (D:12)
  An elf skeleton (D:15)
  A giant frog zombie (D:10)
  2 goliath beetles
  A jelly (D:6)
  A quasit (D:8)
  A kobold zombie (D:10)
  7 orc wizards
  6 hounds
  11 orc priests
  2 giant frog skeletons (D:10)
  7 worker ants
  7 iguanas
  A black bear skeleton (D:9)
  13 sheep
  A mottled dragon skeleton (D:15)
  A crocodile skeleton (D:10)
  3 gnolls (D:11)
  31 green rats
  16 adders
  3 shadow imps
  A worm (Lair:5)
  An orc zombie (D:9)
  4 giant geckos
  60 orcs
  12 goblins
  3 hobgoblins
  15 jackals
  5 kobolds
  7 quokkas
  A ball python (D:2)
  17 bats
  2 giant cockroaches
  A giant newt (D:7)
  14 rats
  2 ballistomycetes (D:14)
  8 plants
558 creatures vanquished.

Vanquished Creatures (collateral kills)
  A deep elf knight (Elf:3)
  A deep elf summoner (Elf:3)
  2 yaks (Lair:3)
4 creatures vanquished.

Vanquished Creatures (others)
  A deep elf mage (D:15)
  A fire elemental (Lair:8)
  An orc wizard (Orc:4)
  A giant spore (D:14)
  2 fungi
6 creatures vanquished.

Grand Total: 568 creatures vanquished

Notes
Turn   | Place    | Note
--------------------------------------------------------------
     0 | D:1      | 4tharraofdagon, the Human Fire Elementalist, began the quest for the Orb.
     0 | D:1      | Reached XP level 1. HP: 13/13 MP: 3/3
   163 | D:2      | Reached XP level 2. HP: 4/19 MP: 0/4
   215 | D:2      | Reached XP level 3. HP: 2/24 MP: 1/6
   220 | D:2      | Learned a level 3 spell: Conjure Flame
   287 | D:2      | HP: 1/24 [poisoned by an adder]
   299 | D:2      | Found a shimmering altar of Xom.
   341 | D:2      | Reached XP level 4. HP: 6/30 MP: 4/7
   676 | D:3      | Reached XP level 5. HP: 31/35 MP: 1/9
   704 | D:3      | Learned a level 4 spell: Sticky Flame
   787 | D:5      | Entered Level 5 of the Dungeon
   811 | D:5      | Reached skill level 4 in Fire Magic
   844 | D:6      | Found a snail-covered altar of Cheibriados.
  1031 | D:6      | Noticed a phantom
  1044 | D:6      | Killed a phantom
  1044 | D:6      | Reached XP level 6. HP: 23/41 MP: 0/12
  1176 | D:6      | Reached skill level 5 in Fire Magic
  1176 | D:6      | Reached XP level 7. HP: 22/46 MP: 4/14
  1311 | D:7      | Found a shimmering altar of Xom.
  1417 | D:7      | Found a radiant altar of Vehumet.
  1426 | D:7      | Became a worshipper of Vehumet
  1536 | D:7      | Found a staircase to the Ecumenical Temple.
  1687 | D:7      | Learned a level 5 spell: Fireball
  1712 | D:8      | Reached skill level 5 in Conjurations
  1720 | D:8      | Reached XP level 8. HP: 45/52 MP: 2/18
  1854 | D:9      | Acquired Vehumet's first power
  1854 | D:9      | Offered knowledge of Sandblast by Vehumet.
  1895 | D:9      | Found Lueschaet's Armour Emporium.
  1906 | D:9      | Bought a +1 cloak of poison resistance for 202 gold pieces
  1956 | D:9      | Reached skill level 1 in Shields
  1972 | D:9      | Reached skill level 5 in Spellcasting
  2037 | D:9      | Gained mutation: You are frail (-10% HP). [potion of mutation]
  2037 | D:9      | Gained mutation: Armour fits poorly on your strangely shaped body. [potion of mutation]
  2037 | D:9      | Gained mutation: Your magical capacity is low (-10% MP). [potion of mutation]
  2038 | D:9      | yes
  2078 | D:9      | Reached skill level 6 in Fire Magic
  2123 | D:8      | Found a white marble altar of Elyvilon.
  2189 | D:9      | Noticed Psyche
  2196 | D:9      | Killed Psyche
  2196 | D:9      | Reached XP level 9. HP: 51/51 MP: 5/19
  2214 | D:9      | Found a glowing silver altar of Zin.
  2214 | D:9      | Found a burning altar of Makhleb.
  2215 | D:9      | Noticed a blizzard demon
  2215 | D:9      | Noticed an angel
  2256 | D:10     | Entered Level 10 of the Dungeon
  2302 | D:10     | Found a staircase to the Lair.
  2546 | Lair:1   | Entered Level 1 of the Lair of Beasts
  2570 | Lair:1   | Noticed a fire drake
  2573 | Lair:1   | :(
  2574 | Lair:1   | Killed a fire drake
  2574 | Lair:1   | Reached skill level 7 in Spellcasting
  2593 | Lair:1   | Noticed a komodo dragon
  2608 | Lair:1   | Killed a komodo dragon
  2609 | Lair:1   | Offered knowledge of Searing Ray by Vehumet.
  2711 | Lair:1   | Reached XP level 10. HP: 45/56 MP: 1/22
  2787 | Lair:1   | Gained mutation: You are partially covered in iridescent scales (AC +4). [potion of mutation]
  2787 | Lair:1   | Gained mutation: Your vision is a little blurry. [potion of mutation]
  2787 | Lair:1   | Gained mutation: You occasionally shout uncontrollably. [potion of mutation]
  2855 | Lair:1   | Learned a level 1 spell: Apportation
  2858 | Lair:1   | Learned a level 2 spell: Blink
  2858 | Lair:1   | Noticed a black mamba
  2865 | Lair:1   | Killed a black mamba
  2865 | Lair:1   | Reached skill level 8 in Spellcasting
  2865 | Lair:1   | Reached skill level 1 in Translocations
  2883 | Lair:1   | Noticed Fannar
  2923 | Lair:1   | Killed Fannar
  2923 | Lair:1   | Reached skill level 5 in Shields
  3083 | Lair:2   | Reached skill level 9 in Spellcasting
  3126 | Lair:2   | Reached XP level 11. HP: 57/61 MP: 9/25
  3149 | Lair:2   | Offered knowledge of Mephitic Cloud by Vehumet.
  3152 | Lair:2   | #3
  3346 | Lair:2   | Noticed a spiny frog
  3362 | Lair:2   | Killed a spiny frog
  3362 | Lair:2   | Acquired Vehumet's second power
  3546 | Lair:3   | Found a glowing silver altar of Zin.
  3546 | Lair:3   | Noticed an oklob plant
  3555 | Lair:3   | Killed an oklob plant
  3555 | Lair:3   | Reached skill level 10 in Spellcasting
  3742 | Lair:3   | Offered knowledge of Fulminant Prism by Vehumet.
  3965 | Lair:4   | Reached XP level 12. HP: 51/66 MP: 15/27
  4036 | Lair:5   | Acquired Vehumet's third power
  4054 | Lair:5   | Offered knowledge of Iskenderun's Battlesphere by Vehumet.
  4152 | Lair:5   | Reached skill level 11 in Spellcasting
  4278 | Lair:6   | Noticed a seven-headed hydra
  4287 | Lair:6   | Killed a seven-headed hydra
  4376 | Lair:6   | Noticed an eight-headed hydra
  4392 | Lair:6   | Killed an eight-headed hydra
  4631 | Lair:7   | Reached skill level 10 in Fire Magic
  4770 | Lair:7   | Offered knowledge of Ignite Poison by Vehumet.
  4815 | Lair:8   | Entered Level 8 of the Lair of Beasts
  4820 | Lair:8   | Reached skill level 12 in Spellcasting
  5053 | Lair:8   | Reached skill level 10 in Conjurations
  5149 | Lair:8   | Noticed Maud
  5180 | Lair:8   | Killed Maud
  5180 | Lair:8   | Reached XP level 13. HP: 34/71 MP: 16/29
  5507 | Lair:8   | Noticed an anaconda
  5514 | Lair:8   | Killed an anaconda
  5560 | Lair:8   | Noticed a dire elephant
  5560 | Lair:8   | Noticed a dire elephant
  5656 | Lair:8   | Noticed a dire elephant
  5688 | Lair:8   | Noticed a dire elephant
  5688 | Lair:8   | Killed a dire elephant
  5726 | Lair:8   | Killed a dire elephant
  5726 | Lair:8   | Reached skill level 13 in Spellcasting
  5838 | Lair:8   | Killed a dire elephant
  5842 | Lair:8   | HP: 2/71 [dire elephant (13)]
  5851 | Lair:8   | Killed a dire elephant
  5885 | Lair:8   | Noticed a dire elephant
  5946 | Lair:8   | Killed a dire elephant
  5954 | Lair:8   | Noticed a dire elephant
  6114 | Lair:8   | Killed a dire elephant
  6697 | D:10     | Noticed Josephine
  6712 | D:10     | Killed Josephine
  6729 | D:10     | Reached XP level 14. HP: 56/76 MP: 2/31
  7144 | D:13     | Found a gate to the Vaults.
  7160 | D:14     | Reached skill level 14 in Spellcasting
  7308 | D:14     | Found a white marble altar of Elyvilon.
  7425 | D:14     | Offered knowledge of Poison Arrow by Vehumet.
  7562 | D:15     | Entered Level 15 of the Dungeon
  7595 | D:15     | Gained mutation: You are weak. (Str -2) [mutagenic meat]
  7728 | D:15     | Found Quevysm's Distillery.
  7848 | D:15     | Found a labyrinth entrance.
  7865 | Lab      | Entered a labyrinth
  8040 | Lab      | Learned a level 6 spell: Poison Arrow
  8153 | Lab      | SAD
  8833 | Lab      | Got a distressingly furry robe
  8859 | D:15     | Identified the cursed -4 robe "Fruampue" {Dex+4 Int+1} (You found it in a labyrinth)
  8971 | D:15     | Found a staircase to the Depths.
  9019 | Depths:1 | Entered Level 1 of the Depths
  9019 | Depths:1 | Noticed a fire giant
  9058 | D:15     | Bought a potion of brilliance for 45 gold pieces
  9058 | D:15     | Bought a potion of brilliance for 45 gold pieces
  9058 | D:15     | Bought a potion of curing for 36 gold pieces
  9058 | D:15     | Bought a potion of curing for 36 gold pieces
  9058 | D:15     | Bought a potion of confusion for 18 gold pieces
  9219 | D:15     | Got a crude war axe
  9256 | D:14     | Identified the cursed -2,-2 war axe of Pseb {venom, rC+} (You found it on level 15 of the Dungeon)
  9259 | D:14     | Got a smoking tin ring
  9261 | D:14     | Identified the ring "Lacymnoz" {+Blink +Fly Acc+5} (You found it on level 14 of the Dungeon)
  9447 | D:11     | Found a staircase to the Orcish Mines.
  9506 | Orc:1    | Entered Level 1 of the Orcish Mines
  9517 | Orc:4    | Entered Level 4 of the Orcish Mines
  9517 | Orc:4    | Found a staircase to the Elven Halls.
  9653 | Orc:4    | Learned a level 1 spell: Summon Butterflies
  9733 | Orc:4    | Paralysed by an orc sorcerer for 6 turns
  9835 | Orc:4    | Noticed Nessos
  9853 | Orc:4    | Killed Nessos
  9972 | Orc:4    | Noticed Nergalle
  9977 | Orc:4    | Killed Nergalle
 10188 | Orc:4    | Reached XP level 15. HP: 81/81 MP: 22/32
 10220 | Orc:4    | Reached skill level 15 in Spellcasting
 10230 | Orc:4    | Found Jaelep's Book Shoppe.
 10238 | Orc:4    | Found Qibbu's Weapon Boutique.
 10239 | Orc:4    | Found Bevif's Assorted Antiques.
 10240 | Orc:4    | Found Thruasid's Gadget Boutique.
 10249 | Orc:4    | Bought a scroll labeled TREYLI TUAST for 35 gold pieces
 10334 | Elf:1    | Entered Level 1 of the Elven Halls
 10334 | Elf:1    | Noticed a deep elf sorcerer
 10359 | Elf:1    | Killed a deep elf sorcerer
 10359 | Elf:1    | Offered knowledge of Bolt of Fire by Vehumet.
 10380 | Elf:1    | Learned a level 6 spell: Bolt of Fire
 10500 | Elf:3    | Entered Level 3 of the Elven Halls
 10942 | Elf:3    | eh no haster
 10956 | Elf:3    | Noticed a deep elf sorcerer
 10957 | Elf:3    | Killed a deep elf sorcerer
 11040 | Elf:3    | die
 11040 | Elf:3    | !!!
 11048 | Elf:3    | Noticed a deep elf master archer
 11049 | Elf:3    | Noticed a deep elf master archer
 11050 | Elf:3    | Noticed a deep elf sorcerer
 11051 | Elf:3    | Noticed a deep elf sorcerer
 11051 | Elf:3    | Shot with a poisoned arrow by a deep elf master archer

Action                   |  1- 3 |  4- 6 |  7- 9 | 10-12 | 13-15 || total
-------------------------+-------+-------+-------+-------+-------++-------
Melee: Unarmed           |     6 |    25 |    14 |     9 |       ||    54
       Spear             |       |       |       |    31 |       ||    31
       Staff             |       |       |       |    45 |   240 ||   285
 Cast: Flame Tongue      |    23 |    69 |    84 |    81 |    58 ||   315
       Conjure Flame     |       |     2 |    10 |    26 |    55 ||    93
       Sticky Flame      |       |     2 |    26 |    78 |    99 ||   205
       Fireball          |       |       |     2 |    35 |   123 ||   160
       Poison Arrow      |       |       |       |       |    27 ||    27
       Apportation       |       |       |       |       |    17 ||    17
Evoke: Wand              |       |       |    12 |    17 |     8 ||    37
       Lamp of fire      |       |       |       |     1 |     2 ||     3
  Use: Potion            |     1 |     2 |     2 |     2 |     9 ||    16
       Scroll            |     2 |     1 |    12 |    10 |    18 ||    43

Vault maps used:
D:1:      dpeg_arrival_more_subterranean_lakeside_camping,
          kennysheep_pointless_box
D:2:      xom_butterflies, okawaru_altar_gauntlet_db, minmay_misc_feat_room
D:3:      first_bread, minmay_misc_feat_four_crosses
D:4:      uniq_edmund
D:5:      kennysheep_vampire_church, basic_altar, uniq_iyjb, uniq_blork_the_orc
D:6:      wad_lake_hut, beetle_altar_1, lemuel_coloured_pillars_altar,
          st_stairs_5, dk_noncrumbling_3, minmay_misc_feat_iff
D:7:      vehumet_crystals, lemuel_blue_sif_altar,
          minmay_temple_entry_from_below_a, basic_altar
D:8:      overflow_temple_1_default, basic_altar, special_room
D:9:      grunt_temple_overflow_order_and_chaos_2, serial_shops, shop,
          special_room, grunt_rat_hole, uniq_psyche
D:10:     lair_0_dummy, uniq_josephine
D:11:     david_orc_2, serial_bayou_lake_a
D:13:     erik_vaults_1, nicolae_trove_entry_crystal, basic_altar,
          grunt_decor_mini_mirrors
D:14:     elyvilon_altar_5, uniq_snorg
D:15:     grunt_enter_depths_snipers, serial_shops, nicolae_shop_stone,
          dk_noncrumbling_1, lab_entry_generic
Orc:1:    serial_shops, shop, baited_tele_trap
Orc:3:    nicolae_orc_pool_cavern, statue_in_the_mist_lemuel, uniq_urug
Orc:4:    grunt_orc_tribal_feast, uniq_nessos, uniq_nergalle
Elf:1:    minmay_elf_arrival_circle, uniq_rupert, uniq_erica
Elf:2:    serial_sigils, serial_sigils_hangedman_etch,
          serial_sigils_hangedman_writhe, serial_sigils_hangedman_gut,
          serial_sigils_hangedman_carve, serial_sigils_hangedman_gnaw,
          serial_shops, shop_fountains, uniq_norris
Elf:3:    minmay_elf_hall_spiked, roderic_lattice_octagonal_star
Lair:1:   roderic_batcave, uniq_fannar
Lair:2:   st_stairs_7
Lair:3:   lemuel_oklob_altar
Lair:4:   st_stairs_4, bobbens_dragon_lair_wall
Lair:5:   minmay_shoals_entry_sharks, spider_nest_entry_a
Lair:6:   nicolae_slime_entry_corroded_items
Lair:7:   infiniplex_staircase_pool_2, serial_bayou_shore_a
Lair:8:   due_jungle_book, uniq_maud
Lab:      nicolae_lab_diamond, labyrinth_skeletal_remains, labyrinth_glass_1,
          nicolae_lab_garden, nicolae_lab_statue
Depths:1: evilmike_iron_armoury, grunt_hell_entry_dis_old, serial_curves,
          eino_curves_03, eino_curves_01, lemuel_freeze_loot_1
